 Dungeon Crawl Stone Soup version 0.27-a0-1123-g2f9bb313c0 (webtiles) character file.

Game seed: 3408156952606077824

14466 jestyr24 the Thaumaturge (level 12, -7/88 HPs)
             Began as a Djinni Conjurer on May 4, 2021.
             Was a Follower of Makhleb.
             Mangled by Harold
             ... wielding a +0 halberd
              (15 damage)
             ... on level 11 of the Dungeon.
             The game lasted 00:58:05 (13146 turns).

jestyr24 the Thaumaturge (Djinni Conjurer)         Turns: 13146, Time: 00:58:07

Health: -7/88      AC:  6    Str:  6    XL:     12   Next: 16%
Gold:   761        EV: 15    Int: 30    God:    Makhleb [*.....] SH:  0 Dex: 13

rFire    + + .     SeeInvis +   y - +6 long sword (freeze)
rCold    x . .     Faith    .   (no shield)
rNeg     . . .     Spirit   .   G - +2 robe {Archmagi}
rPois    ∞         Reflect  .   I - +1 helmet
rElec    .         Harm     .   (no cloak)
rCorr    .         Rampage  .   (no gloves)
Will     +....                  (boots unavailable)
Stlth    ++........             (no amulet)
HPRegen  0.24/turn              n - ring of see invisible
MPRegen  0.00/turn              b - +6 ring of intelligence

@: marked, flying
A: fire resistance 2, cold vulnerability 1, float, innate caster, hp casting,
extra vitality 1
a: Renounce Religion


You were on level 11 of the Dungeon.
You worshipped Makhleb.
Makhleb was aware of your devotion.
You visited 2 branches of the dungeon, and saw 12 of its levels.

You collected 761 gold pieces.

Inventory:

Hand Weapons
 i - a +0 hand crossbow
 y - a +6 long sword of freezing (weapon)
Missiles
 q - 38 poisoned darts
 A - 5 boomerangs of dispersal
 D - a curare-tipped dart
Armour
 f - a +0 pair of gloves
 j - a +0 troll leather armour
 u - a +0 tower shield
 G - a +2 robe of the Archmagi (worn)
 I - a +1 helmet (worn)
Magical Staves
 e - a staff of death
Jewellery
 b - a +6 ring of intelligence (right hand)
 k - a ring of willpower
 n - a ring of see invisible (left hand)
 v - a ring of protection from cold
 J - a +4 ring of evasion
Wands
 o - a wand of polymorph (9)
 t - a wand of iceblast (4)
 C - a wand of paralysis (6)
Scrolls
 a - a scroll of blinking
 m - 2 scrolls of enchant armour
 r - 3 scrolls of teleportation
 z - a scroll of enchant weapon
Potions
 c - a potion of haste {unknown}
 h - 5 potions of heal wounds
 l - 6 potions of curing
 p - 2 potions of might {unknown}
 s - 2 potions of ambrosia {unknown}
 w - 2 potions of attraction {unknown}
 E - a potion of resistance {unknown}
 H - a potion of flight {unknown}


   Skills:
 * Level 8.5 Fighting
 - Level 2.0 Long Blades
 * Level 7.5 Dodging
 - Level 1.6 Stealth
 + Level 13.4 Spellcasting


You had 10 spell levels left.
You knew the following spells:

 Your Spells              Type           Power      Damage    Failure   Level
a - Magic Dart            Conj           100%       1d8       0%          1
b - Searing Ray           Conj           100%       3d7       0%          2
c - Dazzling Flash        Conj/Hex       100%       N/A       1%          3
d - Fulminant Prism       Conj/Hex       50%        3d23      1%          4
e - Iskenderun's Mystic   Conj/Tloc      100%       2d19      1%          4
f - Freeze                Ice            100%       1d11      0%          1
g - Slow                  Hex            100%       N/A       0%          2
h - Static Discharge      Conj/Air       100%       N/A       0%          2
i - Sticky Flame          Conj/Fire      100%       2d11      1%          4
j - Passage of Golubria   Tloc           N/A        N/A       1%          4
Your spell library was empty.

Dungeon Overview and Level Annotations

Branches:
Dungeon (11/15)            Temple (1/1) D:7            Lair (0/6) D:10
    Orc: D:9-12

Altars:
Ashenzari
Cheibriados
Dithmenos
Elyvilon
Fedhas
Gozag
Hepliaklqana
Kikubaaqudgha
Makhleb
Okawaru
Ru
Trog
Vehumet
Wu Jian
Xom
Zin
The Shining One

Shops:
D:1 *   D:2 ?   D:9 (   D:10 :

Annotations:
D:11 Harold


Innate Abilities, Weirdness & Mutations

You are immune to poison.
Your flesh is very heat resistant. (rF++)
You are vulnerable to cold. (rC-)
You float through the air rather than walking.
You learn spells naturally, not from books.
Your magical power is your life essence.
You have superior vitality. (+4 HP)


Message History

The boulder beetle is almost dead.
The boulder beetle is knocked back by the mystic blast.
* * * LOW HITPOINT WARNING * * *
Your fulminant prism explodes!
The blast of energy engulfs the boulder beetle!!!
You kill the boulder beetle!
Makhleb accepts your kill.
The blast of energy engulfs Harold!!!
Harold is almost dead.
The blast of energy engulfs the wraith!!!
You destroy the wraith!
Makhleb accepts your kill.
You enter the passage of Golubria.
Found a stone staircase leading down.
There is a passage of Golubria here.
Harold gestures at you while chanting. A sentinel's mark forms upon you.
Casting: Iskenderun's Mystic Blast (safe; 1% risk of failure)
Confirm with . or Enter, or press ? or * to list all spells.
Aiming: Fulminant Prism (safe; 1% risk of failure)
Press: ? - help, Dir - move target You feel a surge of power!
You conjure a prism of explosive energy!
* * * LOW HITPOINT WARNING * * *
A fulminant prism comes into view.
Casting: Fulminant Prism (safe; 1% risk of failure)
Confirm with . or Enter, or press ? or * to list all spells.
Aiming: Fulminant Prism (safe; 1% risk of failure)
Press: ? - help, Dir - move target You feel a surge of power!
You conjure a prism of explosive energy!
* * * LOW HITPOINT WARNING * * *
A fulminant prism comes into view.
Harold fires a harpoon shot at you. The harpoon shot hits you!
* * * LOW HITPOINT WARNING * * *
You are yanked forward by the harpoon shot.
Your fulminant prism crackles loudly.
Harold hits you from afar with a +0 halberd!
You die...

##......###.
#.
##...........
#.
#[...........
##(
##....$.......
#..
#.....).......
.......
#....)...†....
.#.##..
#....))@.)..>.
....
#....*..))....
.....
#....@......#.
..###..
#....^.÷*...#
# #..
#.............
...
##..<÷÷.......
...
#...........#
...
##...........
.#.
##[.........
## #.#.......
# #.##...... .


You could see Harold (ally target) and 2 friendly fulminant prisms.

Vanquished Creatures
  Snorg (D:10)
  Josephine (D:11)
  A boulder beetle (D:11)
  A catoblepas (D:8)
  A hydra (D:11)
  2 two-headed ogres
  Pikel (D:8)
  A komodo dragon (D:10)
  Maggie (D:8)
  2 kobold demonologists (D:11)
  3 trolls
  A meliai zombie (D:10)
  Sigmund (D:5)
  A wyvern (D:9)
  2 shadows
  6 wraiths
  15 yaks
  A vampire mosquito (D:8)
  2 water moccasins
  2 orc warriors
  2 sky beasts
  2 ice beasts (D:7)
  A necrophage (D:5)
  3 black bears
  4 centaurs
  An ogre (D:4)
  6 kobold brigands
  A bullfrog (D:8)
  2 gnoll sergeants
  A scorpion (D:4)
  2 water moccasin skeletons
  10 wights
  2 howler monkeys
  A hound (D:5)
  2 jellies
  3 orc priests
  A centaur skeleton (D:7)
  A bullfrog skeleton (D:5)
  4 iguanas
  2 orc wizards (D:10)
  A scorpion zombie (D:5)
  2 killer bee zombies
  A hound skeleton (D:4)
  2 howler monkey zombies
  8 gnolls
  8 adders
  A howler monkey skeleton (D:5)
  2 white imps
  An ufetubus (D:4)
  A worm (D:2)
  3 dart slugs
  12 orcs
  14 bats
  4 endoplasms
  3 giant cockroaches
  5 hobgoblins
  9 jackals
  24 kobolds
  3 quokkas
  5 ball pythons
  3 frilled lizards
  8 goblins
  2 rats (D:1)
  A fulminant prism (D:10)
220 creatures vanquished.

Vanquished Creatures (others)
  81 fulminant prisms
  43 plants
124 creatures vanquished.

Grand Total: 344 creatures vanquished

Notes
Turn   | Place    | Note
-------+----------+-------------------------------------------
     0 | D:1      | jestyr24 the Djinni Conjurer began the quest for the Orb.
     0 | D:1      | Reached XP level 1. HP: 15/15 MP: 0/0
   357 | D:1      | Reached XP level 2. HP: 17/21 MP: 0/0
   616 | D:1      | Reached skill level 4 in Spellcasting
   907 | D:1      | Found Apruosk's Assorted Antiques.
  1111 | D:1      | Reached XP level 3. HP: 23/26 MP: 0/0
  1111 | D:1      | Learned a level 1 spell: Freeze
  1951 | D:2      | Found Pets's Magic Scroll Shoppe.
  1987 | D:2      | Reached skill level 1 in Fighting
  2207 | D:2      | Reached XP level 4. HP: 30/32 MP: 0/0
  3096 | D:3      | Reached XP level 5. HP: 22/38 MP: 0/0
  3096 | D:3      | Learned a level 2 spell: Slow
  3235 | D:3      | Reached skill level 5 in Spellcasting
  3421 | D:3      | Found a faded altar of an unknown god.
  3949 | D:4      | Found a sacrificial altar of Ru.
  4034 | D:4      | Noticed an ogre
  4039 | D:4      | Killed an ogre
  4040 | D:4      | Reached XP level 6. HP: 39/45 MP: 0/0
  4182 | D:4      | Reached skill level 6 in Spellcasting
  4728 | D:5      | Entered Level 5 of the Dungeon
  4728 | D:5      | Noticed a black bear
  4936 | D:5      | Noticed a black bear
  4943 | D:5      | Killed a black bear
  4944 | D:5      | Reached XP level 7. HP: 30/50 MP: 0/0
  4944 | D:5      | Learned a level 2 spell: Static Discharge
  5129 | D:5      | Reached skill level 7 in Spellcasting
  5395 | D:5      | Reached XP level 8. HP: 55/58 MP: 0/0
  5720 | D:5      | Found a broken altar of Ashenzari.
  5913 | D:5      | Noticed Sigmund
  5917 | D:5      | Killed Sigmund
  5932 | D:5      | Reached skill level 8 in Spellcasting
  6219 | D:6      | Found a broken altar of Ashenzari.
  6561 | D:6      | Found an opulent altar of Gozag.
  6828 | D:6      | Reached XP level 9. HP: 52/63 MP: 0/0
  6828 | D:6      | Learned a level 4 spell: Sticky Flame
  7096 | D:6      | Reached skill level 9 in Spellcasting
  7200 | D:6      | Found a glowing silver altar of Zin.
  7451 | D:7      | You are sucked into a shaft and drop 2 floors!
  7469 | D:9      | Found a snail-covered altar of Cheibriados.
  7502 | D:9      | Noticed a two-headed ogre
  7512 | D:9      | Killed a two-headed ogre
  7513 | D:9      | Reached skill level 5 in Fighting
  7513 | D:9      | Reached skill level 1 in Long Blades
  7756 | D:8      | Reached skill level 10 in Spellcasting
  7760 | D:8      | Noticed Pikel
  7770 | D:8      | Killed Pikel
  7772 | D:8      | Noticed a troll
  7780 | D:8      | Killed a troll
  7781 | D:8      | Reached XP level 10. HP: 8/72 MP: 0/0
  8574 | D:8      | Noticed Maggie
  8586 | D:8      | Killed Maggie
  8817 | D:8      | Reached skill level 11 in Spellcasting
  8832 | D:8      | Noticed a catoblepas
  8838 | D:8      | Killed a catoblepas
  9425 | D:9      | Found a bloodstained altar of Trog.
  9637 | D:9      | Reached skill level 5 in Dodging
  9847 | D:9      | Found Giangiop's Hydra Hut.
  9848 | D:9      | Noticed a four-headed hydra
  9970 | D:10     | Entered Level 10 of the Dungeon
 10113 | D:10     | Reached XP level 11. HP: 44/79 MP: 0/0
 10113 | D:10     | Learned a level 4 spell: Passage of Golubria
 10371 | D:10     | Noticed Snorg
 10380 | D:10     | Killed Snorg
 10381 | D:10     | Reached skill level 12 in Spellcasting
 10610 | D:10     | Noticed a two-headed ogre
 10616 | D:10     | Killed a two-headed ogre
 10636 | D:10     | Found Jedyum's Book Shop.
 10972 | D:10     | Found a staircase to the Lair.
 11357 | D:7      | Found a staircase to the Ecumenical Temple.
 11366 | Temple   | Entered the Ecumenical Temple
 11431 | Temple   | Became a worshipper of Makhleb the Destroyer
 11723 | D:7      | Found a blossoming altar of Fedhas.
 11726 | D:7      | Found a white marble altar of Elyvilon.
 12592 | D:11     | Noticed Harold
 12598 | D:11     | Noticed an eight-headed hydra
 12605 | D:11     | Noticed a boulder beetle
 12859 | D:11     | Noticed Josephine
 12864 | D:11     | Reached * piety under Makhleb
 12867 | D:11     | Killed Josephine
 12868 | D:11     | Reached skill level 13 in Spellcasting
 13116 | D:11     | Noticed a four-headed hydra
 13121 | D:11     | Killed a four-headed hydra
 13132 | D:11     | Reached XP level 12. HP: 60/88 MP: 0/0
 13141 | D:11     | Killed a boulder beetle
 13146 | D:11     | Mangled by Harold

Illustrated notes

Levels and vault maps discovered:
D:1:      eino_arrival_water_star, layout_loops_corners, serial_shops,
          shop_coins
D:2:      layout_loops_ring, basic_altar, serial_shops, nicolae_shop_crystal,
          chequers_serial_rivers_micro_d, corexii_shack, grunt_decor_fettered,
          kennysheep_path_1
D:3:      minmay_recursive_quarters, layout_rooms,
          shapermc_ecumenical_altar_mp_vishouse
D:4:      layout_gridville, amcnicky_altar_gilded, minmay_crystal_water,
          roderic_batcave
D:5:      layout_rooms, cheibrodos_ashenzari_chains, kb_lookout_dungeons_type,
          uniq_sigmund
D:6:      layout_gridville, gammafunk_temple_overflow_elements,
          hangedman_feature_mirror
D:7:      layout_basic, chequers_temple_overflow_statue_of_worship,
          minmay_temple_entry_mini_moons, enter_ossuary_1, grunt_ministairs_9,
          hangedman_decor_peaks_small, minmay_misc_feat_hallway,
          hex_intersection
D:8:      minmay_cornered_nines, layout_basic, uniq_maggie, uniq_pikel
D:9:      layout_long_grid, lemuel_tele_altar, trog_three_pillars_becter,
          doesnt_shop_hydraphobe
D:10:     layout_irregular_city, david_lair_shrubbed, serial_shops, shop,
          uniq_snorg
D:11:     layout_rooms, enter_bailey_6, gammafunk_ghost_arena, uniq_harold,
          uniq_josephine
Temple:   dpeg_chambers_temple

Skill      XL: |  1  2  3  4  5  6  7  8  9 10 11 |
---------------+----------------------------------+-----
Spellcasting   | 4 5 6 7 8 10 11 13 | 13.4
Fighting       | 1 2 3 4 6 7 8 |  8.5
Dodging        | 3 5 7 |  7.5
Long Blades    | 2 |  2.0
Stealth        | |  1.6

Action                   |  1- 3 |  4- 6 |  7- 9 | 10-12 || total
-------------------------+-------+-------+-------+-------++-------
Melee: Dagger            |       |    12 |       |       ||    12
       Short sword       |       |       |     8 |       ||     8
       Long sword        |       |       |     7 |    13 ||    20
 Cast: Magic Dart        |    80 |    67 |    32 |    39 ||   218
       Searing Ray       |     2 |     8 |    18 |    17 ||    45
       Fulminant Prism   |       |     5 |    24 |    55 ||    84
       Iskenderun's Myst |       |     3 |    18 |    32 ||    53
       Slow              |       |       |     5 |     2 ||     7
       Passage of Golubr |       |       |       |     3 ||     3
  Use: Scroll            |     4 |       |       |    11 ||    15
 Stab: Sleeping          |       |     1 |       |     1 ||     2
Armor: Robe              |     1 |     5 |     4 |     5 ||    15
Dodge: Dodged            |     3 |    25 |    11 |    34 ||    73
       Rpst.: Long sword |       |       |     2 |     3 ||     5

Table legend: (Time is in decaauts)
 A = Elapsed time spent in this place.
 B = Non-inter-level travel time spent in this place.
 C = Inter-level travel time spent in this place.
 D = Time resting spent in this place.
 E = Time spent auto-exploring this place.
 F = Levels seen in this place.
 G = Mean time per level.
                   A        B        C        D        E       F      G
               +--------+--------+--------+--------+--------+-----+--------+
         Total |  13160 |  12717 |    443 |   3622 |   7222 |  12 | 1096.7 |
       Dungeon |  13067 |  12650 |    417 |   3622 |   7161 |  11 | 1187.9 |
        Temple |     92 |     66 |     26 |      0 |     61 |   1 |   92.0 |
               +--------+--------+--------+--------+--------+-----+--------+

Top non-repeatable levels by time:
    D:10: 1805 daAuts
     D:4: 1758 daAuts
     D:8: 1726 daAuts
     D:1: 1587 daAuts
     D:7: 1176 daAuts
     D:6: 1151 daAuts
     D:2: 1046 daAuts
     D:3: 937 daAuts
     D:9: 918 daAuts
     D:5: 887 daAuts
  Temple: 92 daAuts
    D:11: 72 daAuts
